 Dungeon Crawl Stone Soup version 0.29.1-1-gd02db6906a (webtiles) character file.

Game seed: 8463046104124907411

1786 GeoRichter the Reanimator (level 8, -5/44 HPs)
             Began as a Deep Elf Necromancer on Oct 18, 2022.
             Shot with an arrow by a centaur (13 damage)
             ... on level 7 of the Dungeon.
             The game lasted 00:16:36 (6503 turns).

GeoRichter the Reanimator (Deep Elf Necromancer)    Turns: 6503, Time: 00:16:36

Health: -5/44      AC:  4    Str:  7    XL:     8   Next: 82%
Magic:  18/18      EV: 14    Int: 21    God:
Gold:   316        SH:  0    Dex: 15    Spells: 7/18 levels left

rFire   . . .      SeeInvis .   o - +0 trident
rCold   . . .      Faith    .   (no shield)
rNeg    . . .      Spirit   .   a - +0 robe
rPois   .          Reflect  .   (helmet restricted)
rElec   .          Harm     .   (no cloak)
rCorr   .          Rampage  .   (no gloves)
Will    .....                   (no boots)
Stlth   ++........              j - amulet of magic regeneration
HPRegen 0.14/turn               (no ring)
MPRegen 0.56/turn               (no ring)

@: no status effects
A: antennae 1, hooves 1, iridescent scales 1, MP-powered wands
a: no special abilities


You were on level 7 of the Dungeon.
You visited 1 branch of the dungeon, and saw 7 of its levels.

You collected 316 gold pieces.

Inventory:

Hand Weapons
 o - a +0 trident (weapon)
   (You found it on level 4 of the Dungeon)
Armour
 a - a +0 robe (worn)
 q - a +0 leather armour
   (You found it on level 3 of the Dungeon)
 s - the +0 helmet of Hubris {rPois rF+ Dex+4}
   (You found it on level 5 of the Dungeon)

   Dex:       It affects your dexterity (+4).
   rF:        It protects you from fire.
   rPois:     It protects you from poison.
Jewellery
 j - an amulet of magic regeneration (around neck)
   (You found it on level 4 of the Dungeon)
Scrolls
 c - a scroll of vulnerability {unknown}
 d - a scroll of noise {unknown}
 h - 2 scrolls of torment {unknown}
 i - 3 scrolls of magic mapping {unknown}
 k - 8 scrolls of teleportation {unknown}
 p - 3 scrolls of identify {unknown}
 u - a scroll of amnesia {unknown}
 v - a scroll of silence {unknown}
Potions
 b - 2 potions of magic
 e - a potion of resistance
 f - 3 potions of attraction {unknown}
 g - a potion of flight {unknown}
 l - a potion of cancellation {unknown}
 m - a potion of heal wounds {unknown}
 n - 2 potions of brilliance {unknown}
 r - a potion of invisibility {unknown}
 t - a potion of berserk rage {unknown}


   Skills:
 * Level 2.2 Fighting
 * Level 4.4 Dodging
 - Level 2.4 Stealth
 + Level 5.7 Spellcasting
 + Level 10.0 Necromancy
 - Level 7.0 Ice Magic


You had 7 spell levels left.
You knew the following spells:

 Your Spells              Type           Power      Damage    Failure   Level
a - Necrotise             Necr           100%       1d9       1%          1
b - Vampiric Draining     Necr           48%        2d9       1%          3
c - Frozen Ramparts       Ice            70%        1d11      1%          3
d - Animate Dead          Necr           48%        N/A       1%          4

Your spell library contained the following spells:

 Spells                   Type           Power      Damage    Failure   Level
 Freeze                   Ice            100%       1d11      1%          1
 Ensorcelled Hibernation  Hex/Ice        40%        N/A       3%          2
 Agony                    Necr           48%        N/A       4%          5
 Slow                     Hex            24%        N/A       10%         1
 Passwall                 Tmut/Erth      5%         N/A       16%         2
 Hailstorm                Conj/Ice       20%        3d6       24%         4
 Confusing Touch          Hex            6%         N/A       30%         3
 Swiftness                Air            6%         N/A       30%         3


Dungeon Overview and Level Annotations

Branches:
Dungeon (7/15) Zot: 26938
 Temple: D:4-7

Altars:
Gozag
Hepliaklqana
Yredelemnul
The Shining One

Annotations:
D:4 Menkaure
D:7 3 runed translucent doors


Innate Abilities, Weirdness & Mutations

You have a pair of small antennae on your head.
You have large cloven feet.
You are partially covered in iridescent scales. (AC +2)
You expend magic power (3 MP) to strengthen your wands.


Message History

The wall freezes the orc wizard.
You kill the orc wizard!
You swap places.
The frozen ramparts melt away as you move.
Things that are here:
a +0 dagger; 2 poisoned darts You swap places.
Items here: ))) [ †.
You see here a +0 scale mail.
Found a stone staircase leading down.
Found an escape hatch in the ceiling.
There is a stone staircase leading down here.
You swap places.
You swap places.
You swap places.
You swap places.
You swap places.
There is a stone staircase leading down here.
Done exploring.
Done exploring.
Done exploring.
You swap places.
You swap places.
You swap places.
You swap places.
There is a stone staircase leading down here.
You climb downwards.
Your mindless puppets stay behind to rot.
Found a leather armour and a ring mail.
Found a stone staircase leading up.
There is a stone staircase leading up here.
Found a scroll labelled VUIDYMUCAP.
v - a scroll labelled VUIDYMUCAP You open the door.
There is an open door here.
You open the door.
Found an orange potion.
A centaur comes into view.
The centaur shouts!
You hear a shout!
The centaur wields a +0 shortbow.
The centaur shoots an arrow.
The arrow hits you.
The centaur shoots an arrow.
The arrow misses you.
The centaur shoots an arrow.
The arrow closely misses you.
The centaur shoots an arrow.
The arrow hits you!
The centaur shoots an arrow.
The arrow hits you!
* * * LOW HITPOINT WARNING * * *
The centaur shoots an arrow.
The arrow closely misses you.
The centaur shoots an arrow.
The arrow hits you!
* * * LOW HITPOINT WARNING * * *
The centaur shoots an arrow.
The arrow hits you!
You die...

........#.......###....≈#
..............### #....≈#
............#...# #≈≈≈≈≈##
............#...# ######'#
................###...##.#
.....!...........#....##..
##....................#..#
..........................
.....c...@................
......#8###8###8###8###8#.
......### ### ### #######.
...... #...... .... #
#...... .#.##......
.......#.... ............
.....#..<...


You could see a centaur.

Vanquished Creatures
  2 yaks (D:6)
  2 ogres (D:6)
  A centaur (D:6)
  2 kobold brigands (D:6)
  A bullfrog (D:5)
  A necrophage (D:5)
  5 hounds
  An orc priest (D:5)
  2 iguanas (D:4)
  3 orc wizards (D:6)
  3 gnolls (D:6)
  9 adders
  A shadow imp (D:6)
  An ufetubus (D:4)
  2 worms (D:2)
  5 dart slugs
  12 orcs
  6 ball pythons
  9 endoplasms
  5 giant cockroaches
  6 goblins
  8 hobgoblins
  11 jackals
  4 quokkas
  3 bats (D:1)
  4 frilled lizards
  15 kobolds
  3 rats
127 creatures vanquished.

Vanquished Creatures (collateral kills)
  2 yaks (D:6)
  A phantom (D:6)
  2 hounds
  A gnoll (D:6)
6 creatures vanquished.

Vanquished Creatures (others)
  A yak zombie (D:6)
  2 gnoll zombies (D:6)
  2 kobold zombies (D:6)
  A quokka zombie (D:5)
6 creatures vanquished.

Grand Total: 139 creatures vanquished

Notes
Turn   | Place    | Note
-------+----------+-------------------------------------------
     0 | D:1      | GeoRichter the Deep Elf Necromancer began the quest for the
                  | Orb.
     0 | D:1      | Reached XP level 1. HP: 10/10 MP: 6/6
    42 | D:1      | Reached skill level 5 in Necromancy
   193 | D:1      | Reached XP level 2. HP: 15/15 MP: 2/8
   603 | D:1      | Found a faded altar of an unknown god.
   824 | D:1      | Reached XP level 3. HP: 19/19 MP: 6/10
   851 | D:1      | Learned a level 3 spell: Vampiric Draining
   855 | D:1      | Learned a level 3 spell: Frozen Ramparts
  1569 | D:2      | Reached skill level 6 in Necromancy
  1569 | D:2      | Reached skill level 1 in Ice Magic
  1705 | D:2      | Reached XP level 4. HP: 24/24 MP: 6/12
  1893 | D:2      | Learned a level 4 spell: Animate Dead
  3173 | D:4      | Gained mutation: You are partially covered in iridescent
                  | scales. (AC +2) [potion of mutation]
  3173 | D:4      | Gained mutation: You have large cloven feet. [potion of
                  | mutation]
  3173 | D:4      | Gained mutation: You expend magic power (3 MP) to
                  | strengthen your wands. [potion of mutation]
  3173 | D:4      | Gained mutation: You have a pair of small antennae on your
                  | head. [potion of mutation]
  3173 | D:4      | HP: 1/24 [ufetubus (1)]
  3179 | D:4      | Reached XP level 5. HP: 1/28 MP: 9/13
  3727 | D:4      | Noticed Menkaure
  3808 | D:4      | Found a glowing golden altar of the Shining One.
  3812 | D:4      | Found a hazy altar of Hepliaklqana.
  3817 | D:4      | Found an opulent altar of Gozag.
  4011 | D:4      | Reached skill level 7 in Necromancy
  4011 | D:4      | Reached XP level 6. HP: 15/32 MP: 9/15
  4547 | D:5      | Entered Level 5 of the Dungeon
  4570 | D:5      | Reached skill level 5 in Spellcasting
  4676 | D:5      | Found a basalt altar of Yredelemnul.
  5148 | D:5      | Identified the +0 helmet of Hubris {rPois rF+ Dex+4}
  5170 | D:5      | HP: 1/31 [orc priest/+0 hand axe (3)]
  5509 | D:5      | Reached XP level 7. HP: 36/36 MP: 14/16
  5724 | D:6      | Noticed a yak
  5746 | D:6      | Noticed a yak
  5763 | D:6      | Killed a yak
  5764 | D:6      | Reached skill level 8 in Necromancy
  5764 | D:6      | Reached skill level 5 in Ice Magic
  5781 | D:6      | Noticed a yak
  5781 | D:6      | Noticed a yak
  5790 | D:6      | Killed a yak
  5794 | D:6      | Killed a yak
  5795 | D:6      | Reached skill level 9 in Necromancy
  5797 | D:6      | Killed a yak
  5798 | D:6      | Reached XP level 8. HP: 41/41 MP: 12/17
  5925 | D:6      | Reached skill level 1 in Fighting
  6219 | D:6      | Reached skill level 10 in Necromancy
  6442 | D:7      | Found a runed translucent gate.
  6442 | D:7      | Found a runed translucent gate.
  6442 | D:7      | Found a runed translucent gate.
  6503 | D:7      | Shot with an arrow by a centaur

Illustrated notes

Levels and vault maps discovered:
D:1:      matt_arrival_spirals, layout_rooms, basic_ecumenical_altar
D:2:      layout_basic, kennysheep_pointless_box, minmay_pentomino_w2
D:3:      layout_basic, kennysheep_generic_room_16
D:4:      layout_loops_ring, grunt_temple_overflow_diamond, uniq_menkaure
D:5:      layout_basic, yredelemnul_altar_generic, hangedman_decor_lopped
D:6:      layout_basic, serial_shops, shop_statue
D:7:      layout_cave_pools, grunt_temple_overflow_order_and_chaos_1,
          temple_green, gammafunk_ghost_split, serial_rivers,
          chequers_serial_rivers_room_a, chequers_serial_rivers_micro_b,
          chequers_serial_rivers_micro_e, chequers_serial_rivers_micro_d,
          chequers_serial_rivers_small_b, chequers_hall_statues_wall_a,
          chequers_mini_garden

Skill      XL: |  1  2  3  4  5  6  7  8 |
---------------+-------------------------+-----
Necromancy     | 5 6 7 9 10 | 10.0
Ice Magic      | 1 2 3 4 6 7 |  7.0
Spellcasting   | 4 5 |  5.7
Fighting       | 2 |  2.2
Dodging        | 4 |  4.4
Stealth        | |  2.4

Action                   |  1- 3 |  4- 6 |  7- 9 || total
-------------------------+-------+-------+-------++-------
Melee: Whip              |     1 |       |       ||     1
       Dagger            |     2 |     1 |       ||     3
       Spear             |       |     4 |       ||     4
       Trident           |       |    14 |    30 ||    44
       Kick              |       |     3 |     8 ||    11
       Punch             |       |       |     1 ||     1
 Cast: Necrotise         |    69 |   107 |       ||   176
       Vampiric Draining |     3 |    10 |    11 ||    24
       Frozen Ramparts   |       |     1 |    17 ||    18
       Animate Dead      |       |     1 |     3 ||     4
  Use: Potion            |       |     5 |       ||     5
 Stab: Distracted        |       |       |     1 ||     1
Armor: Robe              |     6 |    12 |     4 ||    22
       Skin              |       |    10 |       ||    10
Dodge: Dodged            |    11 |    48 |    24 ||    83
